 Dungeon Crawl Stone Soup version 0.27-a0-1391-g48c30b3128 (webtiles) character file.

Game seed: 9855277319416365717

697 Nattfarinn the Magician (level 7, -3/45 HPs)
             Began as a Djinni Venom Mage on July 1, 2021.
             Was an Initiate of Nemelex Xobeh.
             Slain by a hornet zombie (11 damage)
             ... on level 5 of the Dungeon.
             The game lasted 00:09:40 (5867 turns).

Nattfarinn the Magician (Djinni Venom Mage)         Turns: 5867, Time: 00:09:41

Health: -3/45      AC:  2    Str:  9    XL:     7   Next: 97%
Gold:   221        EV: 12    Int: 17    God:    Nemelex Xobeh [......] SH:  0 Dex: 13

rFire    + + .     SeeInvis .   u - +7 rapier (vamp)
rCold    x . .     Faith    .   (no shield)
rNeg     . . .     Spirit   .   a - +0 robe
rPois    ∞         Reflect  .   (no helmet)
rElec    .         Harm     .   (no cloak)
rCorr    .         Rampage  .   (no gloves)
Will     .....                  (boots unavailable)
Stlth    ++........             (no amulet)
HPRegen  0.15/turn              (no ring)
MPRegen  0.00/turn              (no ring)

@: flying
A: sickness immunity, fire resistance 2, cold vulnerability 1, float, innate
caster, hp casting, extra vitality 1
a: Renounce Religion, Draw Escape, Draw Destruction, Draw Summoning


You were on level 5 of the Dungeon.
You worshipped Nemelex Xobeh.
Nemelex Xobeh was noncommittal.
You visited 2 branches of the dungeon, and saw 6 of its levels.

You collected 221 gold pieces.

Inventory:

Hand Weapons
 u - a +7 vampiric rapier (weapon)
Armour
 a - a +0 robe (worn)
Jewellery
 o - a ring of magical power
Wands
 r - a wand of paralysis (10)
Scrolls
 b - a scroll of enchant weapon {unknown}
 c - a scroll of vulnerability {unknown}
 e - a scroll of immolation {unknown}
 f - a scroll of brand weapon {unknown}
 g - a scroll of torment {unknown}
 h - 2 scrolls of enchant armour {unknown}
 i - 3 scrolls of identify {unknown}
 k - a scroll of noise {unknown}
 l - a scroll of amnesia {unknown}
 p - a scroll of teleportation {unknown}
 t - a scroll of magic mapping {unknown}
 v - a scroll of holy word {unknown}
 w - a scroll of blinking {unknown}
Potions
 d - a potion of brilliance {unknown}
 j - 2 potions of haste {unknown}
 m - a potion of invisibility {unknown}
 n - 3 potions of heal wounds {unknown}
 q - a potion of berserk rage {unknown}
 s - a potion of degeneration {unknown}


   Skills:
 - Level 2.1 Dodging
 - Level 1.5 Stealth
 * Level 6.7 Spellcasting


You couldn't memorise any spells.
You knew the following spells:

 Your Spells              Type           Power      Damage    Failure   Level
a - Sting                 Tmut/Pois      100%       1d8       1%          1
b - Poisonous Vapours     Pois/Air       56%        N/A       1%          2
c - Mephitic Cloud        Conj/Pois/Air  28%        N/A       2%          3
d - Ignite Poison         Fire/Tmut/Pois 28%        N/A       2%          3
e - Olgreb's Toxic Radia  Pois           28%        N/A       8%          4
f - Beastly Appendage     Tmut           56%        N/A       1%          1
g - Static Discharge      Conj/Air       28%        N/A       1%          2
h - Confusing Touch       Hex            28%        N/A       2%          3
Your spell library was empty.

Dungeon Overview and Level Annotations

Branches:
Dungeon (5/15)             Temple (1/1) D:4

Altars:
Cheibriados
Elyvilon
Kikubaaqudgha
Nemelex Xobeh
Okawaru
Qazlal
Ru
Sif Muna
Trog
Vehumet
Xom
Yredelemnul
Zin
Lugonu


Innate Abilities, Weirdness & Mutations

You are immune to sickness and miasma.
You are immune to poison.
Your flesh is very heat resistant. (rF++)
You are vulnerable to cold. (rC-)
You float through the air rather than walking.
You learn spells naturally, not from books.
Your magical power is your life essence.
You have superior vitality. (+4 HP)


Message History

You see here 16 bolts.
w - a scroll labelled NAK PINYNUDI You see here 16 bolts.
There is a stone staircase leading down here.
Found a stone staircase leading up.
A hornet zombie comes into view.
The hornet zombie closely misses you.
You barely miss the hornet zombie. The hornet zombie hits you!
You hit the hornet zombie.
The hornet zombie is lightly damaged.
The hornet zombie hits you. The hornet zombie hits you!
You are too injured to fight recklessly!
You are too injured to fight recklessly!
You are too injured to fight recklessly!
Casting: Confusing Touch (dangerous; 2% risk of failure)
Confirm with . or Enter, or press ? or * to list all spells.
Your hands begin to glow red.
The hornet zombie barely misses you.
You hit the hornet zombie but do no damage.
The hornet zombie appears confused.
The hornet zombie is lightly damaged.
The hornet zombie closely misses you. The hornet zombie hits you.
* * * LOW HITPOINT WARNING * * *
You puncture the hornet zombie!
The hornet zombie is moderately damaged.
The hornet zombie barely misses you.
You hit the hornet zombie.
The hornet zombie is moderately damaged.
You are too injured to fight recklessly!
You hit the hornet zombie.
The hornet zombie is moderately damaged.
The hornet zombie hits you.
* * * LOW HITPOINT WARNING * * *
You strike the helpless hornet zombie from behind!
You hit the hornet zombie but do no damage.
The hornet zombie is moderately damaged.
You hit the hornet zombie.
The hornet zombie is heavily damaged.
The hornet zombie hits you!
You die...
Your body disappears without a glow.

##..............####......#######
................'..'........(....
##..............####.......#####.
################ #######.#####.
#### ########### #..#.... ...#
#.._..#.... ##.#.... ...#
#.....#....###########.#.... ...#
#.....#....Z................ ...#
#.....###..@................ ...#
#.....# #..................# ...#
##'''## #..................#
...###.....# #..............#...#
.....#.....# #..............#.###
####.#..8..# ############......#
#.......# #......# #########
#......## #.......#


You could see a hornet zombie (confused).

Vanquished Creatures
  Eustachio (D:5)
  A black bear (D:5)
  2 ogres
  2 scorpions (D:5)
  An iguana (D:5)
  A hound skeleton (D:4)
  A mummy (D:5)
  6 adders
  An ufetubus (D:5)
  5 dart slugs
  3 orcs
  3 ball pythons
  An endoplasm (D:3)
  A giant cockroach (D:4)
  4 goblins
  4 hobgoblins
  3 jackals
  6 quokkas
  7 bats
  4 frilled lizards
  8 kobolds
  5 rats
70 creatures vanquished.

Notes
Turn   | Place    | Note
-------+----------+-------------------------------------------
     0 | D:1      | Nattfarinn the Djinni Venom Mage began the quest for the
                  | Orb.
     0 | D:1      | Reached XP level 1. HP: 15/15 MP: 0/0
   142 | D:1      | Reached XP level 2. HP: 9/21 MP: 0/0
   765 | D:1      | Reached skill level 3 in Spellcasting
  1153 | D:1      | Reached XP level 3. HP: 22/25 MP: 0/0
  1153 | D:1      | Learned a level 1 spell: Beastly Appendage
  1241 | D:1      | Found a faded altar of an unknown god.
  2022 | D:2      | Reached XP level 4. HP: 22/31 MP: 0/0
  2735 | D:3      | Noticed an ogre
  2745 | D:3      | HP: 1/31 [ogre (22)]
  2748 | D:3      | Killed an ogre
  2749 | D:3      | Reached skill level 4 in Spellcasting
  2749 | D:3      | Reached XP level 5. HP: 2/35 MP: 0/0
  2749 | D:3      | Learned a level 2 spell: Static Discharge
  3359 | D:3      | Found a sacrificial altar of Ru.
  4001 | D:4      | Reached XP level 6. HP: 17/40 MP: 0/0
  4184 | D:4      | Found an iron altar of Okawaru.
  4184 | D:4      | Found a bloodstained altar of Trog.
  4388 | D:4      | Found a staircase to the Ecumenical Temple.
  4400 | Temple   | Entered the Ecumenical Temple
  4630 | D:4      | Reached skill level 5 in Spellcasting
  4820 | Temple   | Became a worshipper of Nemelex Xobeh the Trickster
  4855 | D:5      | Entered Level 5 of the Dungeon
  4892 | D:5      | Noticed a black bear
  4901 | D:5      | Killed a black bear
  5228 | D:5      | Reached XP level 7. HP: 37/45 MP: 0/0
  5228 | D:5      | Learned a level 3 spell: Confusing Touch
  5304 | D:5      | Reached skill level 6 in Spellcasting
  5454 | D:5      | Noticed Eustachio
  5464 | D:5      | Killed Eustachio
  5690 | D:5      | Found a snail-covered altar of Cheibriados.
  5867 | D:5      | Slain by a hornet zombie

Illustrated notes

Levels and vault maps discovered:
D:1:      dpeg_arrival_long_road, layout_rooms,
          chequers_ecumenical_altar_simple_redux, interstate_on_off
D:2:      layout_basic, minmay_split_cup_large, uniq_terence
D:3:      layout_rooms, grunt_temple_overflow_magic_moments, marbit_many_paths
D:4:      layout_rooms, grunt_temple_overflow_bloody_war,
          minmay_temple_entry_antechambers, minmay_misc_feat_nine_boxes
D:5:      layout_basic, slow_altar_2, uniq_eustachio
Temple:   corrupted_temple

Skill      XL: |  1  2  3  4  5  6  7 |
---------------+----------------------+-----
Spellcasting   | 3 4 5 6 |  6.7
Dodging        | |  2.1
Stealth        | |  1.5

Action                   |  1- 3 |  4- 6 |  7- 9 || total
-------------------------+-------+-------+-------++-------
Melee: Unarmed           |     6 |     3 |       ||     9
       Rapier            |       |       |    13 ||    13
 Cast: Sting             |    70 |    86 |     4 ||   160
       Ignite Poison     |       |     2 |     3 ||     5
       Olgreb's Toxic Ra |       |     1 |       ||     1
       Static Discharge  |       |     1 |       ||     1
       Poisonous Vapours |       |     2 |    10 ||    12
       Confusing Touch   |       |       |     2 ||     2
 Stab: Confused          |       |       |     1 ||     1
Armor: Robe              |     1 |     5 |     1 ||     7
Dodge: Dodged            |    25 |    37 |     7 ||    69

Table legend: (Time is in decaauts)
 A = Elapsed time spent in this place.
 B = Non-inter-level travel time spent in this place.
 C = Inter-level travel time spent in this place.
 D = Time resting spent in this place.
 E = Time spent auto-exploring this place.
 F = Levels seen in this place.
 G = Mean time per level.
                   A        B        C        D        E       F      G
               +--------+--------+--------+--------+--------+-----+--------+
         Total |   5872 |   5586 |    286 |   1545 |   3604 |   6 |  978.7 |
       Dungeon |   5762 |   5552 |    210 |   1545 |   3572 |   5 | 1152.4 |
        Temple |    110 |     34 |     76 |      0 |     32 |   1 |  110.0 |
               +--------+--------+--------+--------+--------+-----+--------+

Top non-repeatable levels by time:
     D:1: 1471 daAuts
     D:2: 1450 daAuts
     D:5: 1013 daAuts
     D:3: 946 daAuts
     D:4: 880 daAuts
  Temple: 110 daAuts
